 Dungeon Crawl Stone Soup version 0.30.0 (webtiles) character file.

Game seed: 14384948463019173958

7 Irreverend the Digger (level 2, 15/15 HPs)
             Began as a Gargoyle Earth Elementalist on May 7, 2023.
             Quit the game on level 1 of the Dungeon.
             The game lasted 00:01:04 (235 turns).

Irreverend the Digger (Gargoyle Earth Elementalist)  Turns: 235, Time: 00:01:05

Health: 15/15      AC:  4    Str: 11    XL:     2   Next: 4%
Magic:  4/5        EV: 12    Int: 15    God:
Gold:   3          SH:  0    Dex: 10    Spells: 4/5 levels left

rFire   . . .        (no weapon)
rCold   . . .        (no shield)
rNeg    + . .        a - +0 robe
rPois   ∞            (no helmet)
rElec   +            (no cloak)
rCorr   .            (no gloves)
SInv    .            (no boots)
Will    .....        (no amulet)
Stlth   ++           (no ring)
HPRegen 0.22/turn    (no ring)
MPRegen 0.09/turn

%: no passive effects
@: no status effects
A: sickness immunity, AC +2, negative energy resistance 1, electricity
resistance, torment resistance 1, petrification resistance
a: no special abilities


You were on level 1 of the Dungeon.
You visited 1 branch of the dungeon, and saw 1 of its levels.

You collected 3 gold pieces.

Inventory:

Armour
 a - a +0 robe (worn)
Potions
 b - a potion of magic
 c - a potion of degeneration {unknown}


   Skills:
 - Level 1.7 Dodging
 - Level 2.4 Stealth
 + Level 2.1 Spellcasting
 + Level 1.0 Transmutations
 + Level 3.7 Earth Magic


You had 4 spell levels left.
You knew the following spells:

 Your Spells              Type           Power      Damage    Failure   Level
a - Sandblast             Erth           24%        2d8       4%          1

Your spell library contained the following spells:

 Spells                   Type           Power      Damage    Failure   Level
 Passwall                 Tmut/Erth      6%         N/A       12%         2
 Stone Arrow              Conj/Erth      14%        3d7       30%         3
 Petrify                  Tmut/Erth      8%         N/A       63%         4


Dungeon Overview and Level Annotations

Branches:
Dungeon (1/15)

Altars:


Innate Abilities, Weirdness & Mutations

You are immune to sickness and miasma.
Your stone body is resilient. (AC +2)
You are immune to poison.
You resist negative energy. (rN+)
You are resistant to electric shocks. (rElec)
You are resistant to unholy torment.
You are immune to petrification.


Message History

Your magical contamination has completely faded away.
The rat attacks as you move away! The rat bites you but does no damage.
The blast of sand hits the rat!
You kill the rat!
A rat comes into view.
The blast of sand hits the rat.
You kill the rat!
Found a sling.
Found a spear.
Found an escape hatch in the floor.
A bat comes into view.
Found a ring mail.
The bat hits you but does no damage.
The blast of sand hits the bat!
You kill the bat!
You now have 3 gold pieces.
There is an escape hatch in the floor here.
A bat comes into view.
A bat comes into view.
Found a club.
You miscast Sandblast.
You are very lightly contaminated with residual magic.
Nothing appears to happen.
The blast of sand hits the bat.
You kill the bat!
Your magical contamination has completely faded away.
c - a smoky brown potion The blast of sand hits the bat.
You kill the bat!
A goblin comes into view. It is wielding a +0 club.
The goblin shouts!
The blast of sand hits the goblin!
You kill the goblin!
Your Transmutations skill increases to level 1!
You have reached level 2!
Unknown command.
A hobgoblin comes into view.
A hobgoblin is nearby!
Sorry, you're not good enough to have a special ability.
Unknown command.
Are you sure you want to abandon this character and quit the game? (Confirm with "yes".)

##.....## #†......# #.......#
#.......# ##.)...##
############.##
.........†....# ###
#.....#....#..######...
...)g....@.#.>)......##
..#.#.##...#.......##.. #.
###.#..[.......#
################.......####
#.##....†...........†..#
#.###.###..............##
#..##.####..............#
.####.##........#####......##
...............##
###.###.....


You could see a hobgoblin (wandering).

Vanquished Creatures
  A goblin (D:1)
  A hobgoblin (D:1)
  3 bats (D:1)
  A frilled lizard (D:1)
  2 rats (D:1)
8 creatures vanquished.

Notes
Turn   | Place    | Note
-------+----------+-------------------------------------------
     0 | D:1      | Irreverend the Gargoyle Earth Elementalist began the quest
                  | for the Orb.
     0 | D:1      | Reached XP level 1. HP: 10/10 MP: 3/3
   225 | D:1      | Reached skill level 1 in Transmutations
   225 | D:1      | Reached XP level 2. HP: 15/15 MP: 3/5
   235 | D:1      | Quit the game

Illustrated notes

Levels and vault maps discovered:
D:1:      eino_arrival_tree_alley, layout_rooms, minmay_misc_feat_rugged

Skill      XL: |  1 |
---------------+----+-----
Transmutations | 1 |  1.0
Dodging        | |  1.7
Stealth        | |  2.4
Spellcasting   | |  2.1
Earth Magic    | |  3.7

Action                     || total
---------------------------++-------
   Cast: Sandblast         ||     9
 Armour: Robe              ||     8
  Dodge: Dodged            ||     9
